 Dungeon Crawl Stone Soup version 0.29.0-11-gd7f09526c8 (webtiles) character file.

Game seed: 3067708175763623311

121 pacmanke6689 the Cudgeller (level 4, -2/37 HPs)
             Began as a Draconian Gladiator on Sept 3, 2022.
             Slain by Terence
             ... wielding a +0 trident
              (6 damage)
             ... on level 3 of the Dungeon.
             The game lasted 00:06:15 (2617 turns).

pacmanke6689 the Cudgeller (Draconian Gladiator)    Turns: 2617, Time: 00:06:16

Health: -2/37      AC:  7    Str: 18    XL:     4   Next: 77%
Magic:  4/4        EV: 13    Int:  8    God:
Gold:   108        SH:  0    Dex: 19    Spells: 3/3 levels left

rFire   . . .      SeeInvis .   a - +0 flail
rCold   . . .      Faith    .   (no shield)
rNeg    . . .      Spirit   .   (body armour unavailable)
rPois   .          Reflect  .   b - +0 hat
rElec   .          Harm     .   n - +1 cloak
rCorr   .          Rampage  .   (no gloves)
Will    .....                   (no boots)
Stlth   ++........              (no amulet)
HPRegen 0.12/turn               l - +6 ring of dexterity
MPRegen 0.09/turn               (no ring)

@: no status effects
A: AC +5, unfitting armour, cold-blooded
a: no special abilities


You were on level 3 of the Dungeon.
You visited 1 branch of the dungeon, and saw 3 of its levels.

You collected 136 gold pieces.
You spent 28 gold pieces at shops.

Inventory:

Hand Weapons
 a - a +0 flail (weapon)
Missiles
 c - 3 throwing nets (quivered)
 d - a javelin
Armour
 b - a +0 hat (worn)
 n - a +1 cloak (worn)
Jewellery
 l - a +6 ring of dexterity (left hand)
Scrolls
 k - a scroll of silence
 m - a scroll of magic mapping
 o - 2 scrolls of noise
 p - a scroll of fear
Potions
 e - 3 potions of attraction
 f - a potion of cancellation
 i - 2 potions of might {unknown}
 j - a potion of haste {unknown}


   Skills:
 + Level 2.9 Fighting
 + Level 4.5 Maces & Flails
 + Level 1.9 Throwing
 + Level 3.4 Dodging
 + Level 0.7 Stealth


You had 3 spell levels left.
You didn't know any spells.
Your spell library was empty.

Dungeon Overview and Level Annotations

Branches:
Dungeon (3/15)

Altars:

Shops:
D:2 ?

Annotations:
D:3 Terence


Innate Abilities, Weirdness & Mutations

Your plain brown scales are hard. (AC +5)
You cannot fit into any form of body armour.
You are cold-blooded and may be slowed by cold attacks.


Message History

The orc wizard closely misses you. The orc hits you but does no damage.
The goblin hits you but does no damage.
Terence the Incautious comes into view.
He is wielding a +0 trident.
Terence shouts!
You hit the orc.
The orc is almost dead.
The orc wizard casts a spell at you. The magic dart hits you.
The orc barely misses you. The goblin hits you but does no damage.
You sock the orc!
You kill the orc!
The orc wizard hits you but does no damage.
The goblin hits you but does no damage.
You hit the hobgoblin. You tail-slap the hobgoblin.
You kill the hobgoblin!
The goblin barely misses you. The orc wizard barely misses you.
You hit the goblin but do no damage.
The orc wizard hits you with a +0 dagger.
The goblin hits you but does no damage.
You sock the goblin!
You kill the goblin!
The orc wizard hits you with a +0 dagger.
The orc wizard points at you and mumbles some strange words.
You resist with some effort. Terence hits you but does no damage.
You hit the orc wizard.
Your tail-slap misses the orc wizard.
The orc wizard is severely wounded.
The orc wizard closely misses you. Terence barely misses you.
You closely miss the orc wizard.
The orc wizard is severely wounded.
The orc wizard hits you with a +0 dagger.
Terence closely misses you.
You barely miss the orc wizard.
The orc wizard is severely wounded.
The orc wizard hits you but does no damage.
Terence hits you from afar with a +0 trident.
The orc wizard casts a spell at you. The magic dart hits you!
* * * LOW HITPOINT WARNING * * *
Terence hits you with a +0 trident.
You die...

*,***,* *,,,,,* *,***,* *,* *,*
******** *,* *,* ***.,,,,,*
#######+###,* ,,,..,,,,*
#.........#+***** ,,,...,,,*
#...........,,,,*** ......!..#
#...@@......,,,,+,***
.........######'###.....,,,,*,*,,
.........#....)o).......,,,,,,,,,
.........'..............,,,,,,,,,
.#(......#....#########********,,
.#.......#....#,,,,,,,,,,,,,,,*,,
o#.......#....#,,,,,,,,,,,,,,,*<,
.'.....g).....#,,***********>,*,,
.#.##.####....#,,*,,,,,,,,,,*,*,,


You could see Terence and an orc wizard.

Vanquished Creatures
  An orc wizard (D:3)
  Robin (D:3)
  An adder (D:2)
  A worm (D:2)
  3 orcs (D:3)
  5 endoplasms
  A giant cockroach (D:2)
  16 goblins
  7 hobgoblins
  3 jackals (D:2)
  A quokka (D:2)
  6 ball pythons (D:1)
  5 bats
  4 frilled lizards (D:1)
  8 kobolds
  4 rats
67 creatures vanquished.

Notes
Turn   | Place    | Note
-------+----------+-------------------------------------------
     0 | D:1      | pacmanke6689 the Draconian Gladiator began the quest for
                  | the Orb.
     0 | D:1      | Reached XP level 1. HP: 17/17 MP: 1/1
   156 | D:1      | Reached XP level 2. HP: 22/25 MP: 2/2
   422 | D:1      | Found a faded altar of an unknown god.
   582 | D:1      | You fall into a shaft and drop 1 floor!
   789 | D:2      | Reached XP level 3. HP: 29/30 MP: 3/3
  1550 | D:2      | Found Rywn's Magic Scroll Shoppe.
  1553 | D:2      | Bought a scroll of identify for 28 gold pieces
  1661 | D:2      | Reached skill level 4 in Maces & Flails
  2360 | D:3      | Noticed Robin
  2375 | D:3      | Reached XP level 4. HP: 33/37 MP: 4/4
  2390 | D:3      | Killed Robin
  2608 | D:3      | Noticed Terence
  2617 | D:3      | Slain by Terence

Illustrated notes

Levels and vault maps discovered:
D:1:      mushboom_english_gardens, layout_loops_ring,
          hellmonk_ecumenical_altar_leap_of_faith,
          chequers_serial_rivers_micro_d
D:2:      minmay_kobold_bridge, layout_loops_corners, serial_shops,
          nicolae_shop_behind_doors, minmay_tall_x
D:3:      layout_basic, uniq_grinder, uniq_terence, uniq_robin

Skill      XL: |  1  2  3 |
---------------+----------+-----
Dodging        | 3 |  3.4
Maces & Flails | 4 |  4.5
Fighting       | |  2.9
Throwing       | |  1.9
Stealth        | |  0.7

Action                   |  1- 3 |  4- 6 || total
-------------------------+-------+-------++-------
Melee: Flail             |   116 |    48 ||   164
       Tailslap          |    12 |     5 ||    17
  Use: Scroll            |     5 |     2 ||     7
       Potion            |       |     3 ||     3
 Stab: Sleeping          |     2 |       ||     2
Armor: Skin              |    44 |    55 ||    99
Dodge: Dodged            |    88 |    69 ||   157
